 Dungeon Crawl Stone Soup version 0.30.1-9-gdf580d7c3d (webtiles) character file.

Game seed: 8798130076018086489

4570 Psyclone the Destroyer (level 10, -13/61 HPs)
             Began as a Deep Elf Conjurer on Sept 27, 2023.
             Was an Initiate of Gozag.
             Mangled by a two-headed ogre
             ... wielding a +0 giant club
              (33 damage)
             ... on level 8 of the Dungeon.
             The game lasted 00:30:58 (8953 turns).

Psyclone the Destroyer (Deep Elf Conjurer)          Turns: 8953, Time: 00:30:58

Health: -13/61     AC:  6    Str:  4    XL:     10   Next: 18%
Magic:  9/36       EV: 20    Int: 28    God:    Gozag
Gold:   191        SH:  0    Dex: 13    Spells: 17/31 levels left

rFire   + . .        E - +1 dagger (speed)
rCold   . . .        (no shield)
rNeg    . . .        a - +2 robe {rF+}
rPois   .            x - +0 helmet
rElec   .            H - +0 cloak
rCorr   .            (no gloves)
SInv    .            (no boots)
Will    +....        (no amulet)
Stlth   ++           k - +5 ring of evasion
HPRegen 0.30/turn    t - ring of magical power
MPRegen 0.25/turn

%: no passive effects
@: gold aura
A: no striking features
a: Renounce Religion, Potion Petition, Call Merchant, Bribe Branch


You were on level 8 of the Dungeon.
You worshipped Gozag.
Gozag was aware of your devotion.
You visited 2 branches of the dungeon, and saw 9 of its levels.
You also visited: Sewer.

You collected 569 gold pieces.
You spent 252 gold pieces at shops.
You paid 126 gold pieces to Gozag.

Inventory:

Hand Weapons
 j - a +1 dagger of venom
 E - a +1 dagger of speed (weapon)
Armour
 a - a +2 robe of fire resistance (worn)
 m - a +0 buckler
 p - the +0 robe of Gravitas {rElec rF+++ MP+9 Int-3}
   (You bought it in a shop on level 4 of the Dungeon)

   Int:       It affects your intelligence (-3).
   rF:        It renders you almost immune to fire.
   rElec:     It insulates you from electricity.
   MP:        It affects your magic capacity (+9).
 x - a +0 helmet (worn)
 G - +0 steam dragon scales
 H - a +0 cloak (worn)
Magical Staves
 y - a staff of earth
 z - a staff of poison
Jewellery
 g - a ring of willpower
 k - a +5 ring of evasion (left hand)
 t - a ring of magical power (right hand)
 u - a ring of poison resistance
 F - a ring of flight
Wands
 n - a wand of paralysis (9)
Scrolls
 d - a scroll of magic mapping {unknown}
 f - 4 scrolls of butterflies
 h - 2 scrolls of teleportation
 l - 3 scrolls of torment
 o - a scroll of immolation
 r - a scroll of enchant weapon
 v - 2 scrolls of blinking
 D - 2 scrolls of identify {@r1}
Potions
 b - 2 potions of magic
 c - 2 potions of mutation
 e - 3 potions of flight
 i - 2 potions of heal wounds
 q - a potion of attraction
 s - 5 potions of curing
 w - 2 potions of resistance
 A - 2 potions of might
 B - a potion of berserk rage
 C - 4 potions of brilliance


   Skills:
 - Level 6.4 Fighting
 - Level 7.0 Dodging
 - Level 2.4 Stealth
 + Level 11.0 Spellcasting
 + Level 11.6 Conjurations
 - Level 7.0 Hexes


You had 17 spell levels left.
You knew the following spells:

 Your Spells              Type           Power      Damage    Failure   Level
a - Magic Dart            Conj           100%       1d8       1%          1
b - Searing Ray           Conj           100%       2d8       1%          2
c - Dazzling Flash        Conj/Hex       100%       N/A       1%          3
d - Fulminant Prism       Conj/Hex       30%        3d16      1%          4
e - Iskenderun's Mystic   Conj/Tloc      48%        2d11      3%          4

Your spell library contained the following spells:

 Spells                   Type           Power      Damage    Failure   Level
 Static Discharge         Conj/Air       96%        2-6/arc   1%          2
 Airstrike                Air            7%         2d(2-18)  34%         4
 Summon Lightning Spire   Summ/Air       15%        N/A       34%         4


Dungeon Overview and Level Annotations

Branches:
Dungeon (8/15) Zot: 26528  Temple (1/1) D:6 Zot: 5871   Sewer (visited)
   Lair: D:8-11

Altars:
Ashenzari
Cheibriados
Dithmenos
Elyvilon
Fedhas
Gozag
Hepliaklqana
Kikubaaqudgha
Makhleb
Nemelex Xobeh
Okawaru
Qazlal
Ru
Sif Muna
Trog
Uskayaw
Vehumet
Wu Jian
Xom
Yredelemnul
Zin
The Shining One

Shops:
D:2 ?   D:3 [   D:4 **[(!   D:7 ?

Annotations:
D:8 2 runed translucent doors, Ninjinzu's ghost, novice DsBe


Message History

Your fulminant prism explodes!
The blast of energy engulfs the yak!!
You kill the yak!
The blast of energy engulfs the two-headed ogre!
The two-headed ogre is moderately wounded.
You hear a shout!
You now have 13/36 mp.
The searing ray hits the two-headed ogre.
The two-headed ogre is heavily wounded.
The two-headed ogre is distracted by your dazzling golden aura.
The searing ray hits the two-headed ogre!
The two-headed ogre is heavily wounded.
The two-headed ogre is no longer distracted by gold.
The two-headed ogre shouts in stereo!
The two-headed ogre hits you with a +0 giant club!
The two-headed ogre hits you with a +0 giant spiked club!
You take 26 damage, and have 20/61 hp.
MASSIVE DAMAGE!!
You now have 12/36 mp.
The searing ray hits the two-headed ogre.
The two-headed ogre is severely wounded.
You finish channelling your searing ray.
The yak is distracted by your dazzling golden aura.
You now have 11/36 mp.
Casting: Searing Ray (safe; 1% risk of failure)
Confirm with . or Enter, or press ? or * to list all spells.
Aiming: Searing Ray (safe; 1% risk of failure)
Press: ? - help, Shift-Dir - straight line, f/p - two-headed ogre
Aim: a two-headed ogre, wielding a +0 giant club and a +0 giant spiked club (severely wounded, 92% to hit)
The searing ray hits the two-headed ogre!
The two-headed ogre is severely wounded. (Press . to maintain the ray.)
The yak bellows!
The two-headed ogre closely misses you. The two-headed ogre barely misses you.
You now have 9/36 mp.
The searing ray hits the two-headed ogre.
The two-headed ogre is almost dead.
The searing ray misses the yak.
The two-headed ogre hits you with a +0 giant club!!
Ouch! That really hurt!
You die...
Your body crumbles into a pile of gold.

...##.~## ######## # .......#
.# ######## ..# #
###########Y.# #########
#.Y.Y.$YY..K.# ........#
#.#......#####
....###.###########Y#.####.#
.##......#......@OY.#.# ....
.######..#.########...#$##.##.#
[# #..#.# ##..# ... #
.######..#.# #......_.
.....##..#.# ####.#...#
......<....##### .##.##
...............# .
###......#####.# # #..###.#


You could see a two-headed ogre and 2 yaks.

Vanquished Creatures
  A komodo dragon (D:6)
  Grinder (D:5)
  3 yaks (D:8)
  A wyvern (D:8)
  A steam dragon (D:7)
  A water moccasin (Sewer)
  2 sky beasts
  2 orc warriors (D:7)
  3 ice beasts
  2 ogres
  2 centaurs
  2 bullfrogs
  2 scorpions
  14 wights
  2 electric eels (D:7)
  2 howler monkeys
  A crimson imp (D:7)
  5 hounds
  A jelly (D:4)
  4 orc priests
  A gnoll bouda (D:6)
  A sleepcap (D:8)
  An iguana (D:5)
  5 orc wizards
  A statue (D:5)
  4 gnolls (D:6)
  12 adders
  A shadow imp (D:7)
  3 white imps
  3 worms
  A dart slug (D:1)
  17 orcs
  6 bats
  11 endoplasms
  2 giant cockroaches
  7 goblins
  12 hobgoblins
  3 jackals (Sewer)
  5 quokkas
  3 ball pythons
  5 frilled lizards
  9 kobolds
  5 rats
170 creatures vanquished.

Vanquished Creatures (others)
  An orc wizard (D:7)
  32 fulminant prisms
33 creatures vanquished.

Grand Total: 203 creatures vanquished

Notes
Turn   | Place    | Note
-------+----------+-------------------------------------------
     0 | D:1      | Psyclone the Deep Elf Conjurer began the quest for the Orb.
     0 | D:1      | Reached XP level 1. HP: 10/10 MP: 6/6
   206 | D:1      | Reached XP level 2. HP: 15/15 MP: 3/8
   772 | D:1      | Reached skill level 5 in Conjurations
   772 | D:1      | Reached XP level 3. HP: 19/19 MP: 7/10
   903 | D:1      | Learned a level 2 spell: Searing Ray
   946 | D:2      | Found a hide-covered altar of Uskayaw.
  1402 | D:2      | Reached XP level 4. HP: 24/24 MP: 9/12
  1622 | D:2      | Found Otiuquez's Magic Scroll Emporium.
  1750 | D:3      | Reached skill level 5 in Spellcasting
  1910 | D:3      | Found Xenur's Armour Emporium.
  2060 | D:3      | Reached XP level 5. HP: 28/28 MP: 14/14
  2155 | D:3      | Found a large runed translucent door.
  2158 | D:3      | Found a large runed translucent door.
  2179 | D:3      | Found a glowing silver altar of Zin.
  2183 | D:3      | Found a snail-covered altar of Cheibriados.
  2600 | D:4      | Noticed a sky beast
  2608 | D:4      | Killed a sky beast
  2609 | D:4      | Reached XP level 6. HP: 6/32 MP: 16/17
  2656 | D:4      | Found a glowing drain.
  2712 | Sewer    | Entered a sewer
  2788 | Sewer    | Noticed a water moccasin
  2795 | Sewer    | Learned a level 4 spell: Fulminant Prism
  2804 | Sewer    | Killed a water moccasin
  2979 | Sewer    | Reached XP level 7. HP: 47/47 MP: 19/19
  3045 | D:4      | Learned a level 3 spell: Dazzling Flash
  3050 | D:4      | Learned a level 4 spell: Iskenderun's Mystic Blast
  3286 | D:4      | Found Utota's Distillery.
  3420 | D:4      | Reached XP level 8. HP: 52/52 MP: 21/21
  3475 | D:4      | Found Ugunoes's Antique Weapon Shop.
  3615 | D:4      | Found Hyeki's General Store.
  3667 | D:4      | Found Koschub's Antique Armour Emporium.
  3734 | D:4      | Found a shadowy altar of Dithmenos.
  3753 | D:4      | Found Xoohoury's Assorted Antiques.
  4134 | D:4      | Bought a bloodstained robe for 142 gold pieces
  4134 | D:4      | Identified the +0 robe of Gravitas {rElec rF+++ MP+9 Int-3}
                  | (You bought it in a shop on level 4 of the Dungeon)
  4134 | D:4      | Bought a glowing robe for 92 gold pieces
  4156 | D:5      | Entered Level 5 of the Dungeon
  4510 | D:5      | Noticed Grinder
  4520 | D:5      | Killed Grinder
  4576 | D:5      | Found a radiant altar of Vehumet.
  5401 | D:4      | Bought an amethyst potion for 18 gold pieces
  5869 | D:6      | Found a staircase to the Ecumenical Temple.
  5875 | Temple   | Entered the Ecumenical Temple
  6073 | D:6      | Noticed a komodo dragon
  6087 | D:6      | Killed a komodo dragon
  6088 | D:6      | Reached skill level 10 in Conjurations
  6120 | D:6      | Reached XP level 9. HP: 56/56 MP: 17/23
  6282 | D:6      | Found a hide-covered altar of Uskayaw.
  7013 | D:7      | Found Yharph's Magic Scroll Shoppe.
  7892 | Temple   | Became a worshipper of Gozag Ym Sagoz the Greedy
  7980 | D:7      | Found a hazy altar of Hepliaklqana.
  8053 | D:7      | Found a burning altar of Makhleb.
  8057 | D:7      | Reached skill level 10 in Spellcasting
  8135 | D:7      | Found a broken altar of Ashenzari.
  8528 | D:8      | Reached XP level 10. HP: 61/61 MP: 2/26
  8744 | D:8      | Found a large runed translucent door.
  8745 | D:8      | Found a large runed translucent door.
  8746 | D:8      | Noticed Ninjinzu's ghost (novice DsBe)
  8915 | D:8      | Found an ornate altar of the Wu Jian Council.
  8936 | D:8      | Noticed a two-headed ogre
  8953 | D:8      | Mangled by a two-headed ogre

Illustrated notes

Levels and vault maps discovered:
D:1:      eino_arrival_cavern_d, layout_basic
D:2:      layout_basic, serial_shops, nicolae_shop_pleasant_corner_grove,
          basic_altar
D:3:      layout_basic, jmf_multi_god_temple2, serial_shops, shop
D:4:      layout_loops_corners, grunt_dithmenos_smoke_and_mirrors,
          cheibrodos_sewer_entry_sluice, serial_shops, shop, shop,
          nicolae_shop_tiny_real_fake_doors, nicolae_shop_tiny_statue_garden,
          nicolae_shop_behind_doors, st_stairs_13, sigmund_army
D:5:      layout_basic, vehumet_statue, uniq_grinder
D:6:      layout_loops_ring, nicolae_uskayaw_dance_hall,
          minmay_temple_entry_hall, kennysheep_pointless_box
D:7:      layout_rooms, lemuel_round_altar, kennysheep_mini_moat,
          makhleb_grotto_becter, serial_shops, nicolae_diamond_shop,
          minivault_14, st_stairs_3
D:8:      layout_loops_ring, nicolae_overflow_crystal_walls, lair_entry_dummy,
          serial_shops, shop, ebering_ghost_disaster_area, special_room
          [special_room_orc]
Temple:   compressed_dpeg_triangle_lava_temple

Skill      XL: |  1  2  3  4  5  6  7  8  9 10 |
---------------+-------------------------------+-----
Spellcasting   | 4 5 6 7 8 10 11 | 11.0
Conjurations   | 5 6 9 10 11 | 11.6
Fighting       | 6 |  6.4
Dodging        | 7 |  7.0
Hexes          | 7 |  7.0
Stealth        | |  2.4

Action                     |  1- 3 |  4- 6 |  7- 9 | 10-12 || total
---------------------------+-------+-------+-------+-------++-------
  Melee: Dagger            |       |     3 |     3 |       ||     6
   Cast: Magic Dart        |    67 |    57 |    61 |     4 ||   189
         Searing Ray       |       |    13 |    51 |     6 ||    70
         Fulminant Prism   |       |       |    29 |     3 ||    32
    Use: Potion            |       |     5 |     1 |       ||     6
         Scroll            |       |     3 |    12 |       ||    15
 Armour: Robe              |       |     3 |     4 |       ||     7
         Steam dragon scal |       |       |     2 |       ||     2
  Dodge: Dodged            |       |    15 |    44 |    10 ||    69
